[Event "Caplin Hastings Masters 2023-24"]
[Site "Hastings"]
[Date "2023.12.31"]
[Round "4.5"]
[White "Ghasi, Ameet K"]
[Black "Arkell, Keith C"]
[Result "1/2-1/2"]
[ECO "A11"]
[WhiteElo "2509"]
[BlackElo "2371"]
[Annotator "TA"]
[PlyCount "45"]
[EventDate "2023.12.18"]
[EventType "swiss"]
[EventCountry "ENG"]
[SourceTitle "playchess.com"]
[Source "ChessBase"]
[SourceQuality "1"]
[TimeControl "40/6000+30:3000+30"]

1. Nf3 Nf6 2. g3 d5 3. Bg2 Bg4 4. c4 c6 5. Ne5 Bf5 6. cxd5 cxd5 7. Nc3 {[%emt 0:01:34] Threatening Qa4+.} Nc6 {[%emt 0:09:16] A11: English Opening: 1...c6.} 8. Qa4 Bd7 9. Nxd7 Qxd7 {[%emt 0:00:04] The position is equal.} 10. b4 {[%emt 0:09:09][%cal Bb2b4,Bb4b5][%mdl 32] [#]} e6 $146 ({Predecessor:} 10... b5 11. Nxb5 Rb8 12. Ba3 Nxb4 13. Bxb4 Qxb5 14. Qxb5+ Rxb5 15. Bc3 e6 16. O-O Nd7 {1-0 Abergel,T (2450)-Lukin,E (2196) Netanya op 2019 (8)}) 11. b5 Ne5 12. O-O Be7 13. d3 O-O 14. Bb2 Ng6 15. Qb3 a6 16. Rac1 Rfd8 17. a4 h5 18. h4 Ng4 {[%emt 0:02:54][%cal Og6h4] With the idea ...Nxh4!} 19. d4 (19. Bh3 $11) 19... f5 ({Better is} 19... Bxh4 $1 $15 20. e4 (20. gxh4 $2 {is the wrong capture.} Qc7 $19) 20... Bg5) 20. Bf3 $11 Nh8 ({Black should play} 20... Bf6 $11) 21. e3 (21. b6 $14 {deserves consideration.}) 21... Nf7 22. Ne2 (22. Kg2 $14) 22... g5 23. b6 {[%emt 0:03:02] Weighted Error Value: White=0.19 (very precise) /Black=0.14 (very precise)} 1/2-1/2

[Event "Caplin Hastings Masters 2023-24"]
[Site "Hastings"]
[Date "2023.12.31"]
[Round "4.6"]
[White "Willow, Jonah B"]
[Black "Petrov, Martin"]
[Result "1/2-1/2"]
[WhiteElo "2427"]
[BlackElo "2501"]
[Annotator "TA"]
[PlyCount "37"]
[EventDate "2023.12.18"]
[EventType "swiss"]
[EventCountry "ENG"]
[SourceTitle "playchess.com"]
[Source "ChessBase"]
[SourceQuality "1"]
[TimeControl "40/6000+30:3000+30"]

1. e4 e6 2. d4 d5 3. Nc3 Nf6 4. e5 Nfd7 5. f4 c5 6. Nf3 Nc6 7. Be3 cxd4 8. Nxd4 Qb6 9. Qd2 {[%emt 0:07:17][%cal Od4e6] [#] aiming for Nxe6!} Qxb2 {[%emt 0:00:20] [#] Not much happened in this game.  C11: French: Classical System: 4 e5 and 4 Bg5 dxe4.} {Predecessor:} 10. Rb1 $146 Qa3 11. Bb5 Nxd4 12. Bxd4 a6 13. Bxd7+ Bxd7 14. Rb3 Qe7 15. Rxb7 Qh4+ 16. Qf2 Qxf2+ 17. Kxf2 Be7 18. Rhb1 Bd8 19. Ke3 {0-1 Duda,J (2731)-Grischuk,A (2745) Speed Chess Q2 KO blitz 2022 (1.7)} 1/2-1/2

[Event "Caplin Hastings Masters 2023-24"]
[Site "Hastings"]
[Date "2023.12.31"]
[Round "4.7"]
[White "Gasanov, Eldar"]
[Black "Gormally, Daniel W"]
[Result "1-0"]
[ECO "E60"]
[WhiteElo "2487"]
[BlackElo "2442"]
[Annotator "TA"]
[PlyCount "31"]
[EventDate "2023.12.18"]
[EventType "swiss"]
[EventCountry "ENG"]
[SourceTitle "playchess.com"]
[Source "ChessBase"]
[SourceQuality "1"]
[TimeControl "40/6000+30:3000+30"]

1. d4 Nf6 2. c4 g6 3. d5 c6 4. Nc3 b5 5. cxb5 {[%emt 0:07:23] [#]} cxd5 $146 ({Predecessor:} 5... cxb5 6. Nxb5 Qa5+ 7. Nc3 Bg7 8. Qd4 O-O 9. Bd2 e5 10. dxe6 dxe6 11. Ne4 Qf5 {0-1 Quinteros,M-Poch,C Mar del Plata International-29 1971 (9)}) 6. Nxd5 {[%emt 0:00:18] E60: King's Indian: Unusual lines and Fianchetto Variation without Nc3.} Bg7 ({Better is} 6... e6 $14 7. Nxf6+ Qxf6) 7. Nxf6+ (7. Bf4 $18 {and the rest is easy. Strongly threatening Bc7.} O-O 8. Bc7) 7... Bxf6 $16 8. Qd5 {[%emt 0:00:01] White is slightly better.} O-O $2 9. Qxa8 Qa5+ $2 (9... Bxb2 {was worth a try.} 10. Bxb2 Qa5+ 11. Kd1 Qa4+ 12. Kc1 Qc4+ 13. Kd1 Qa4+ 14. Kc1 Qc4+ 15. Kd1 Qa4+) 10. Bd2 $18 {[%emt 0:01:56] White is clearly winning.} Qxb5 {[%emt 0:00:03] [#] White must now prevent ...Nc6.} 11. Qe4 ({But not} 11. Qxa7 Qxb2 12. Rc1 Na6 $18) 11... Nc6 12. e3 Qxb2 13. Rb1 Qxa2 {[%emt 0:02:40] Threatens to win with ...d5.} 14. Bc4 Qa3 15. Nf3 {[%emt 0:02:41] Repels Ne5} e6 16. Qd3 {[%emt 0:01:15] Weighted Error Value: White=0.14 (very precise) /Black=0.69} 1-0

[Event "Caplin Hastings Masters 2023-24"]
[Site "Hastings"]
[Date "2023.12.31"]
[Round "4.8"]
[White "Unuk, Laura"]
[Black "Wadsworth, Matthew J"]
[Result "1/2-1/2"]
[ECO "D13"]
[WhiteElo "2345"]
[BlackElo "2448"]
[Annotator "RC"]
[PlyCount "165"]
[EventDate "2023.12.18"]
[EventType "swiss"]
[EventCountry "ENG"]
[SourceTitle "playchess.com"]
[Source "ChessBase"]
[SourceQuality "1"]
[TimeControl "40/6000+30:3000+30"]

1. d4 d5 2. c4 c6 3. cxd5 cxd5 4. Bf4 Nc6 5. Nc3 Nf6 6. e3 a6 7. Be2 Bf5 8. Nf3 e6 9. Qb3 Nh5 10. Be5 Na5 11. Qa4+ Nc6 12. Rc1 f6 13. Bg3 Nxg3 14. hxg3 Bg6 15. Nh4 Bf7 16. a3 g5 17. Nf3 h5 18. Nd2 Bd6 19. Nb3 Kf8 20. Nc5 Bxc5 21. dxc5 Qe7 22. b4 Kg7 23. Bd3 Rad8 24. Ne2 e5 25. b5 axb5 26. Bxb5 d4 27. Qc2 Bg6 28. e4 Qc7 29. O-O h4 30. g4 Qd7 31. Bd3 Qxg4 32. f3 Qe6 33. Rb1 Rd7 34. Rb6 Ra8 35. Rfb1 Qe7 36. a4 Nd8 37. Nc1 Bf7 38. Nb3 Rc7 39. Bc4 Ne6 40. c6 bxc6 41. a5 Nf4 42. a6 Bxc4 43. Qxc4 Qe6 44. Rc1 Kf7 45. Qxe6+ Nxe6 46. Rcxc6 Rxc6 47. Rxc6 Ke7 48. Rb6 Kd7 49. Kf1 Rc8 50. Rb7+ Kd6 51. a7 Ra8 52. Rf7 Nc5 53. Na5 Nd7 54. Nc4+ Kc5 55. Rxd7 Kxc4 56. Ke2 Kc5 57. Rf7 Kb6 58. Rxf6+ Kxa7 59. Rg6 Kb7 60. Rxg5 Ra5 61. Rg6 Kc7 62. Kd3 Ra3+ 63. Kd2 Kd7 64. Kc2 h3 65. gxh3 Rxf3 66. h4 Re3 67. Rg4 Rh3 68. Rg5 Kd6 69. h5 Kc5 70. Rxe5+ Kc4 71. Ra5 Rh2+ 72. Kd1 d3 73. e5 Kc3 74. Ra3+ Kd4 75. e6 Ke3 76. Kc1 Rh1+ 77. Kb2 Rxh5 78. e7 Re5 79. Ra7 d2 80. Rd7 Ke2 81. Kc2 Rc5+ 82. Kb2 Re5 83. Kc2 1/2-1/2

[Event "Caplin Hastings Masters 2023-24"]
[Site "Hastings"]
[Date "2023.12.31"]
[Round "4.9"]
[White "Jacobson, Brandon"]
[Black "Sarkar, Justin"]
[Result "1-0"]
[ECO "E41"]
[WhiteElo "2538"]
[BlackElo "2272"]
[Annotator "TA"]
[PlyCount "117"]
[EventDate "2023.12.18"]
[EventType "swiss"]
[EventCountry "ENG"]
[SourceTitle "playchess.com"]
[Source "ChessBase"]
[SourceQuality "1"]
[TimeControl "40/6000+30:3000+30"]

1. d4 Nf6 2. c4 e6 3. Nc3 Bb4 4. e3 d6 5. Bd3 c5 6. Nge2 Nc6 7. O-O O-O 8. a3 {[%emt 0:06:06] E41: Nimzo-Indian: Rubinstein: 4...c5 5 Bd3, including Hübner Variation.} Ba5 9. Bd2 {[%emt 0:03:11] [#]} a6 $146 ({Predecessor:} 9... cxd4 10. exd4 Bb6 11. Be3 Ng4 12. Bf4 e5 13. dxe5 dxe5 14. Bg3 f5 15. h3 f4 16. hxg4 fxg3 17. Nxg3 {0-1 Raja,R (2491)-Fedoseev,V (2686) Chess.com Rapid Wk23 Swiss 2022 (1)}) 10. Qc2 {[%emt 0:07:26] White is slightly better.} Bb6 11. dxc5 dxc5 12. f4 e5 (12... g6 $14) 13. Ne4 (13. Be1 $1 $18) 13... Nxe4 $16 14. Bxe4 f5 15. Bd5+ Kh8 16. Bc3 Nd4 17. Qd1 (17. exd4 cxd4 18. Kh1 dxc3 $16) 17... Nxe2+ 18. Qxe2 exf4 $2 (18... e4 $16) 19. exf4 (19. Rxf4 Bc7 $16) (19. Qh5 $142 {aiming for Rf3.} Qe8 20. Qg5) 19... Ba5 $18 20. Bxa5 Qxa5 21. Qe7 {[%emt 0:00:08][%csl LRb7,LRf8][%cal Re7f8] Inhibits Qc7.} Qd8 22. Rfe1 Qxe7 (22... Bd7 $142 23. Qxc5 (23. Bxb7 Rb8 $18) 23... Rc8) 23. Re2 $4 {[%emt 0:00:07][%mdl 8192] [#]} (23. Rxe7 $18 Rd8 24. Rae1 (24. Bxb7 Bxb7 25. Rxb7 Rab8 $16)) 23... Qe6 $2 24. Rxe6 $4 (24. Bxe6 $11 Bxe6 25. Rxe6) 24... Rb8 $4 (24... Bxe6 $19 {and all is fine.} 25. Bxe6 Rae8) 25. Re7 b6 $2 (25... Rd8 {was worth a try.} 26. Rae1 Bd7) 26. Rae1 b5 27. Rc7 bxc4 28. Ree7 (28. Rxc5 Rxb2 29. Rxc4 h6 $16) (28. Bxc4 $18 {And now Ree7 would win.} Rb7 29. Ree7 (29. Rxc5 Rxb2 30. Re7 Bb7 $16) 29... Rxc7 30. Rxc7) 28... Rd8 $16 29. Bxc4 {[%emt 0:01:09] White is much more active.} (29. Rxc5 Rxb2 30. Bf3 (30. Bxc4 Bb7 $11) (30. Rxc4 Rb1+ 31. Kf2 Rb2+ 32. Kf1 Rb1+ 33. Ke2 Rb2+ 34. Kf1 Rb1+ 35. Kf2 Rb2+ 36. Kf1 $14) 30... Rb1+ 31. Kf2 Rb2+ 32. Kg3 Rbd2 $14) 29... Rxb2 30. h4 ({Don't play} 30. Rxg7 $6 Rd1+ 31. Bf1 Rbb1 $11) (30. Rxc5 $6 Bb7 $11) 30... Rc2 31. Rxc5 {[%emt 0:00:41] Rec7 would be deadly.} h6 32. Rec7 Rd1+ 33. Kh2 Bd7 34. Bxa6 {[%emt 0:03:40][%mdl 64] Discovered Attack} Rxc5 35. Rxc5 {[%emt 0:00:04][%mdl 4096] Endgame KRB-KRB} Ra1 36. Rc3 Kg8 37. Kg3 Kf8 38. Kf3 Ke7 39. Ke3 Re1+ 40. Kd2 Rg1 41. Bb7 Rb1 42. Bf3 Rb2+ 43. Ke3 Kf6 44. Rc7 Be8 {[%emt 0:00:00] [#]} 45. Ra7 $1 Rb6 46. Kd4 g5 (46... Bf7 $142 47. Kc5 Rb2) 47. fxg5+ $18 hxg5 48. h5 (48. hxg5+ $18 Kxg5 49. Ra8) 48... Bf7 $2 (48... g4 $16 {prevents the worst.} 49. h6 Rd6+ 50. Kc5 (50. Bd5 Bc6 $16) 50... Rd7 51. Rxd7 Bxd7) 49. h6 Rd6+ 50. Kc5 Rd8 51. Ra6+ Be6 52. h7 Rc8+ 53. Kd4 Rd8+ 54. Kc3 Rc8+ 55. Kd4 Rd8+ 56. Kc3 {[%emt 0:00:09][%cal Of3d5] Strongly threatening Bd5!} Rc8+ $1 57. Kd2 {[%emt 0:01:35] White is clearly winning.} Rd8+ 58. Ke3 g4 {[%emt 0:03:02] [#]} (58... Rh8 $142 59. Bd5 Ke5) 59. Bd5 $1 {[%emt 0:00:11][%mdl 576] Pin. Quite a comeback for White. An entertaining game by Jacobson.   Weighted Error Value: White=0.48/Black=0.44} 1-0

[Event "Caplin Hastings Masters 2023-24"]
[Site "Hastings"]
[Date "2023.12.31"]
[Round "4.10"]
[White "Boswell, Jacob Connor"]
[Black "Edouard, Romain"]
[Result "1/2-1/2"]
[ECO "E18"]
[WhiteElo "2235"]
[BlackElo "2527"]
[Annotator "TA"]
[PlyCount "74"]
[EventDate "2023.12.18"]
[EventType "swiss"]
[EventCountry "ENG"]
[SourceTitle "playchess.com"]
[Source "ChessBase"]
[SourceQuality "1"]
[TimeControl "40/6000+30:3000+30"]

1. d4 Nf6 2. c4 e6 3. Nf3 b6 4. g3 Bb7 5. Bg2 Be7 6. O-O O-O 7. Nc3 Ne4 8. Re1 {[%emt 0:02:37][%cal Of3g5] E18: Queen's Indian: Old Main Line (4 g3 Bb7 5 Bg2 Be7 6 0-0 0-0 7 Nc3).} Nxc3 9. bxc3 f5 10. Bf1 (10. Ne5 $142 Bxg2 11. Kxg2) 10... Bf6 {[%emt 0:03:20] [#]} 11. Bb2 $146 ({Predecessor:} 11. Nd2 e5 12. Bb2 Nc6 13. Bg2 d6 14. Bd5+ Kh8 15. e4 Rb8 16. Nf3 Qd7 17. Qa4 {1-0 Van de Mortel,J (2401)-Jens,J (2360) BEL-chT 0203 2002 (5.3)}) 11... d6 12. Nd2 e5 13. e4 f4 14. Bh3 Bc8 15. Bxc8 Qxc8 16. gxf4 Qh3 (16... exf4 $11 17. Qf3 Nd7) 17. f5 $14 g6 {[%emt 0:07:15] [#]} (17... Nd7 $14) 18. Re3 $1 $16 Qh6 19. Qg4 (19. Rg3 $16) 19... Nc6 20. Nb3 (20. Kh1 $14) 20... Ne7 (20... Kh8 $5 ) 21. Rh3 $1 Qg7 22. fxg6 Nxg6 23. Kh1 (23. Bc1 $1 $14) 23... Be7 {[%emt 0:13:14] [#]} (23... Nf4 $11 24. Qxg7+ Bxg7) 24. Rf1 ({White should try} 24. Bc1 $1 $16 {[%cal Rc1h6] And now Bh6 would win.} Nf4 25. Rg3 Qxg4 26. Rxg4+ Ng6 27. Be3) 24... Rf4 $132 {[%emt 0:03:04][%mdl 2048] Black is fighting back} 25. Qe6+ Kh8 $1 26. Bc1 Rg8 {[%emt 0:01:33] White must now prevent ...Nf8.} 27. Rg3 Rxe4 28. Be3 Bh4 29. Rgg1 {[%emt 0:02:43] Strongly threatening Nd2.} Qf8 (29... Bf6 $11 {remains equal.}) 30. Nd2 $16 {[%emt 0:01:49] White is more active.} Rf4 31. Bxf4 Qxf4 32. Rg4 (32. Rd1 $16) 32... Qxd2 $11 {[%emt 0:00:11] The position is equal.} 33. Rxh4 $1 {[%emt 0:00:13][%mdl 64] Remove Defender, Decoy} Nxh4 34. Qf6+ Rg7 35. Qf8+ Rg8 36. Qf6+ Rg7 37. Qf8+ Rg8 {[%emt 0:00:03] Weighted Error Value: White=0.19 (very precise) /Black=0.23 (precise)} 1/2-1/2

[Event "Caplin Hastings Masters 2023-24"]
[Site "Hastings"]
[Date "2023.12.31"]
[Round "4.11"]
[White "Villiers, Thomas"]
[Black "Mikhalevski, Victor"]
[Result "1/2-1/2"]
[ECO "C56"]
[WhiteElo "2230"]
[BlackElo "2524"]
[Annotator "TA"]
[PlyCount "78"]
[EventDate "2023.12.18"]
[EventType "swiss"]
[EventCountry "ENG"]
[SourceTitle "playchess.com"]
[Source "ChessBase"]
[SourceQuality "1"]
[TimeControl "40/6000+30:3000+30"]

1. e4 e5 2. Nf3 Nc6 3. Bc4 Bc5 4. c3 Nf6 5. d4 exd4 6. O-O Nxe4 7. cxd4 d5 8. dxc5 dxc4 9. Qe2 Qd3 10. Re1 f5 11. Nc3 O-O 12. Nxe4 {[%emt 0:00:07] C56: Two Knights: 4 d4 exd4 5 0-0 Nxe4.} fxe4 13. Qxe4 Bf5 14. Qh4 {[%emt 0:00:09] The position is equal.} (14. Qxd3 {simplifies} Bxd3 15. Be3 Rad8 16. Rac1) 14... Qd5 15. Bf4 Bd3 {[%emt 0:07:42] [#]} 16. Qg3 $146 ({Predecessor:} 16. Bxc7 Rxf3 17. gxf3 Nd4 18. Re3 Qxc5 19. Qg3 Nc2 20. Bd6 Qd5 21. Re7 Bg6 22. Be5 Nxa1 23. Rxg7+ {0-1 Criado Lopez,A (2014)-Ali,E (2223) ESP-ch Student 2007 (3)}) 16... Rf6 {[%emt 0:45:38] [#] Strongly threatening ...Raf8.} 17. Bxc7 Qxc5 18. Ne5 Nxe5 19. Rxe5 Qc6 {[%emt 0:01:50] And now ...Rg6 would win.} ({Resist} 19... Qxc7 20. Re8+ Rxe8 21. Qxc7 $16) 20. Rg5 ({But not} 20. Re7 $2 Rg6 21. Be5 Rxg3 $19) 20... Rf7 21. Be5 Qd7 $1 22. h4 Re8 {[%emt 0:00:31] [#] White must now prevent ...h6.} 23. Bc3 Bf5 24. Qf4 (24. Kh2 $5) 24... Bd3 25. Qg3 (25. Qg4 {simplifies} Qxg4 26. Rxg4 Re2 27. Re1) 25... Rfe7 (25... Bf5 $5 ) 26. Bf6 h6 (26... Rf7 $5 27. Bc3 $11) 27. Bxe7 hxg5 28. Bxg5 Qd4 29. Bd2 Qxb2 30. Re1 Rxe1+ 31. Bxe1 $11 {[%emt 0:00:06][%mdl 4096] Endgame KQB-KQB} Qa1 (31... Qxa2 $2 32. Bc3 Qb1+ 33. Kh2 $18) 32. Qb8+ Kh7 33. Qe8 Qd1 {[%emt 0:01:29] Hoping for ...c3.} 34. f3 Bg6 35. Qe5 {[%emt 0:00:22] White is slightly better.} Bf7 36. Kh2 {[%emt 0:00:20] White threatens Bc3 and mate.} Qd5 37. Qxd5 Bxd5 38. Bc3 Be6 39. Kg3 Bf5 {[%emt 0:00:11] Weighted Error Value: White=0.05 (flawless) /Black=0.07 (flawless)} 1/2-1/2

[Event "Caplin Hastings Masters 2023-24"]
[Site "Hastings"]
[Date "2023.12.31"]
[Round "4.12"]
[White "Sengupta, Deep"]
[Black "Juknis, Paulius"]
[Result "1/2-1/2"]
[ECO "C08"]
[WhiteElo "2501"]
[BlackElo "2148"]
[Annotator "TA"]
[PlyCount "37"]
[EventDate "2023.12.18"]
[EventType "swiss"]
[EventCountry "ENG"]
[SourceTitle "playchess.com"]
[Source "ChessBase"]
[SourceQuality "1"]
[TimeControl "40/6000+30:3000+30"]

1. e4 c5 2. c3 e6 3. d4 d5 4. exd5 exd5 5. Nf3 Nc6 6. Bb5 Bd6 7. dxc5 Bxc5 8. O-O Nf6 9. Nbd2 O-O 10. Nb3 {[%emt 0:00:06] C08: French Tarrasch: 3...c5 4 exd5 exd5 sidelines.} Bb6 11. Nbd4 Qd6 12. g3 {[%emt 0:08:07] [#] The position is equal.} Ne4 $146 ({Predecessor:} 12... Bg4 13. Qd3 Ne4 14. Bf4 Qf6 15. Bxc6 bxc6 16. Be5 Qg6 17. Nh4 Qh5 18. Nxc6 Be2 19. Qxd5 Bg4 20. Qd3 {½-½ Ravi,T (2303)-Rajarishi,K (2046) Trichy Pro Chess op 1st 2017 (5)}) 13. Be3 Bg4 14. Be2 Qf6 15. Kg2 (15. Nc2 $11) 15... Rad8 {[%emt 0:06:14] Black is slightly better.} 16. h3 Bh5 17. Nxc6 bxc6 18. Bd4 Qd6 19. Bxb6 {[%emt 0:08:49] Weighted Error Value: White=0.10 (very precise) /Black=0.09 (flawless)} 1/2-1/2

[Event "Caplin Hastings Masters 2023-24"]
[Site "Hastings"]
[Date "2023.12.31"]
[Round "4.13"]
[White "Hobson, Kenneth"]
[Black "Sulskis, Sarunas"]
[Result "0-1"]
[ECO "C15"]
[WhiteElo "2130"]
[BlackElo "2490"]
[Annotator "TA"]
[PlyCount "50"]
[EventDate "2023.12.18"]
[EventType "swiss"]
[EventCountry "ENG"]
[SourceTitle "playchess.com"]
[Source "ChessBase"]
[SourceQuality "1"]
[TimeControl "40/6000+30:3000+30"]

1. e4 e6 2. d4 d5 3. Nc3 Bb4 4. Nge2 Nc6 5. a3 Bxc3+ 6. Nxc3 dxe4 7. Bf4 Nf6 {[%emt 0:02:30] C15: French: 3 Nc3 Bb4: Unusual White 4th moves.} 8. Bb5 O-O 9. Bxc6 bxc6 {[%emt 0:00:11] Black is weak on the dark squares. White is slightly better.} 10. Qd2 Nd5 11. O-O-O $1 {[%emt 0:03:58][%mdl 1024] [#] White has compensation.} Qf6 $146 ({Predecessor:} 11... Nxc3 12. Qxc3 Qd5 13. Bxc7 a5 14. Qc5 a4 15. c4 Qf5 16. Qxf5 exf5 17. d5 cxd5 18. cxd5 {0-1 Zelcic,R (2509)-Martinovic,S (2540) Zagreb Hulak Memorial op 1st 2016 (7)}) 12. Be5 Qg6 13. h4 (13. Bg3 $11) 13... f6 $15 (13... Qxg2 $2 14. Nxd5 exd5 15. Rhg1 $18) 14. h5 Qxg2 15. Nxd5 exd5 16. Bxc7 Bg4 17. Rdg1 Qf3 {[%emt 0:01:04] Black is more active.} 18. Rh4 Bxh5 19. Bd6 {[%emt 0:03:11] [#]} g5 $1 20. Bxf8 Rxf8 21. Rf4 $2 {[%emt 0:04:11][%mdl 8192] Loses the game.} (21. Rh2 $1 $15) 21... Qe2 $40 {[%emt 0:06:32][%mdl 128] Black wants a kill.} (21... Qh3 $142 {And now ...Qh2 would win.} 22. f3 (22. Rxf6 $2 Rxf6 23. Qxg5+ Kf7 $19) 22... Bxf3) 22. Qb4 $2 (22. Rh4 Qxd2+ 23. Kxd2) 22... e3 23. Rxf6 {[%emt 0:10:21] [#]} (23. Rxg5+ Bg6 24. Rxg6+ hxg6 25. fxe3 {[%mdl 64] Remove Defender}) 23... Rxf6 $19 24. Rxg5+ Bg6 25. Qb8+ Rf8 {[%emt 0:00:09] Weighted Error Value: White=0.83/Black=0.20 (precise)} 0-1

[Event "Caplin Hastings Masters 2023-24"]
[Site "Hastings"]
[Date "2023.12.31"]
[Round "4.14"]
[White "Bai, Xue"]
[Black "Gallagher, Joseph G."]
[Result "0-1"]
[ECO "B90"]
[WhiteElo "2099"]
[BlackElo "2427"]
[Annotator "RC"]
[PlyCount "104"]
[EventDate "2023.12.18"]
[EventType "swiss"]
[EventCountry "ENG"]
[SourceTitle "playchess.com"]
[Source "ChessBase"]
[SourceQuality "1"]
[TimeControl "40/6000+30:3000+30"]

1. e4 c5 2. Nf3 d6 3. d4 cxd4 4. Nxd4 Nf6 5. Nc3 a6 6. h3 Nc6 7. g4 Qb6 8. Nb3 e6 9. Be3 Qc7 10. f4 b5 11. Bg2 Bb7 12. a3 Be7 13. Qe2 Nd7 14. Qf2 O-O 15. O-O Rfe8 16. Ne2 Rab8 17. c3 Ba8 18. g5 Bf8 19. Rad1 Nb6 20. Bxb6 Qxb6 21. Ned4 Nxd4 22. Qxd4 Qc7 23. Qd3 Be7 24. h4 Qc4 25. Nd4 Bd8 26. b4 Rc8 27. Qxc4 Rxc4 28. Rd3 Bb6 29. Kh1 g6 30. Nb3 Bxe4 31. Bxe4 Rxe4 32. Nd2 Re2 33. Rxd6 Bc7 34. Rd7 Rd8 35. Rxd8+ Bxd8 36. Nb3 Re3 37. Kg2 Rxc3 38. Rf3 Rc4 39. Nc5 Bc7 40. Rd3 Bxf4 41. Rd8+ Kg7 42. Rd7 Kf8 43. Ra7 Be3 44. Nd7+ Kg7 45. Rxa6 Rxh4 46. Ra5 Bc1 47. Ne5 Re4 48. Nd3 Bxg5 49. Rxb5 Re2+ 50. Kf1 Rd2 51. Nc5 Be3 52. Ne4 Ra2 0-1

[Event "Caplin Hastings Masters 2023-24"]
[Site "Hastings"]
[Date "2023.12.31"]
[Round "4.15"]
[White "Derakhshani, Borna"]
[Black "Rami, Talab"]
[Result "1-0"]
[ECO "D78"]
[WhiteElo "2380"]
[BlackElo "1947"]
[Annotator "RC"]
[PlyCount "107"]
[EventDate "2023.12.18"]
[EventType "swiss"]
[EventCountry "ENG"]
[SourceTitle "playchess.com"]
[Source "ChessBase"]
[SourceQuality "1"]
[TimeControl "40/6000+30:3000+30"]

1. Nf3 Nf6 2. c4 g6 3. g3 Bg7 4. Bg2 O-O 5. O-O c6 6. d4 d5 7. Nbd2 Nbd7 8. Re1 dxc4 9. Nxc4 Nb6 10. Nce5 Ng4 11. Bf4 Nxe5 12. Bxe5 Bg4 13. Bxg7 Kxg7 14. Ne5 Be6 15. e3 Qd6 16. Qc2 Rac8 17. Rac1 Bd5 18. e4 Be6 19. Qc3 Rfd8 20. Red1 f6 21. Nf3 Bg4 22. Qa5 c5 23. d5 a6 24. Rd3 Bxf3 25. Rxf3 Nd7 26. Re3 g5 27. Bh3 b5 28. Bf5 Rc7 29. Qd2 Nf8 30. Qc3 Ng6 31. Rd1 e5 32. Qc2 Ne7 33. Bg4 c4 34. Qe2 Rh8 35. Kg2 Kf8 36. Rc3 Kg7 37. b3 f5 38. exf5 Nxd5 39. Qd2 Rd8 40. Qxg5+ Kf8 41. f6 Rf7 42. bxc4 bxc4 43. Qh6+ Kg8 44. Rxc4 Rxf6 45. Qg5+ Rg6 46. Qf5 Rf6 47. Qc2 Rdf8 48. Rc8 Qb4 49. Rxf8+ Kxf8 50. Bf3 Nc3 51. Rd8+ Ke7 52. Qd2 Qb5 53. Rh8 Rxf3 54. Qd8+ 1-0

[Event "Caplin Hastings Masters 2023-24"]
[Site "Hastings"]
[Date "2023.12.31"]
[Round "4.16"]
[White "Brown, Thomas"]
[Black "Grutter, Tim"]
[Result "0-1"]
[ECO "E71"]
[WhiteElo "2095"]
[BlackElo "2342"]
[Annotator "RC"]
[PlyCount "56"]
[EventDate "2023.12.18"]
[EventType "swiss"]
[EventCountry "ENG"]
[SourceTitle "playchess.com"]
[Source "ChessBase"]
[SourceQuality "1"]
[TimeControl "40/6000+30:3000+30"]

1. d4 Nf6 2. c4 g6 3. Nc3 Bg7 4. e4 d6 5. h3 Nc6 6. d5 Ne5 7. f4 Ned7 8. Be2 e5 9. Nf3 Nh5 10. fxe5 Nxe5 11. Be3 Ng3 12. Rg1 O-O 13. Qd2 f5 14. O-O-O fxe4 15. Nd4 Qe7 16. Kb1 Bd7 17. Qe1 Nf5 18. Nxf5 gxf5 19. Qd2 a6 20. g4 fxg4 21. hxg4 Nf3 22. Bxf3 exf3 23. Rdf1 b5 24. cxb5 axb5 25. Bd4 b4 26. Bxg7 Qxg7 27. Ne4 Qg6 28. Qg5 Bb5 0-1

[Event "Caplin Hastings Masters 2023-24"]
[Site "Hastings"]
[Date "2023.12.31"]
[Round "4.17"]
[White "Fischer, Daniel"]
[Black "Weersing, Abigail Riis"]
[Result "1-0"]
[ECO "C06"]
[WhiteElo "2341"]
[BlackElo "2056"]
[Annotator "RC"]
[PlyCount "73"]
[EventDate "2023.12.18"]
[EventType "swiss"]
[EventCountry "ENG"]
[SourceTitle "playchess.com"]
[Source "ChessBase"]
[SourceQuality "1"]
[TimeControl "40/6000+30:3000+30"]

1. e4 e6 2. d4 d5 3. Nd2 Nf6 4. e5 Nfd7 5. Bd3 c5 6. c3 Nc6 7. Ne2 cxd4 8. cxd4 f6 9. exf6 Nxf6 10. O-O Bd6 11. Nf3 Qc7 12. h3 O-O 13. Re1 Bd7 14. Be3 Rac8 15. Rc1 Qb8 16. Nc3 a6 17. a3 b5 18. Bb1 b4 19. axb4 Qxb4 20. Qe2 Rb8 21. Rc2 Qa5 22. Rd2 Bb4 23. Rc1 Bd6 24. Bg5 Rb4 25. Na2 Rb6 26. Ne5 Bxe5 27. dxe5 Ne4 28. Bxe4 Qxa2 29. Bb1 Qa5 30. Qh5 h6 31. Qg6 Nxe5 32. Qh7+ Kf7 33. Bxh6 Rg8 34. Rd4 Rbb8 35. Bxg7 Nf3+ 36. gxf3 Rxg7+ 37. Bg6+ 1-0